 Dungeon Crawl Stone Soup version 0.29-a0-378-gc08b2e8bf8 (webtiles) character file.

Game seed: 9494112647572267020

5028 ryw the Fighter (level 10, -8/79 (82) HPs)
             Began as a Demonspawn Monk on May 5, 2022.
             Was a Believer of Dithmenos.
             Mangled by a death yak (21 damage)
             ... on level 7 of the Dungeon.
             The game lasted 00:21:31 (10379 turns).

ryw the Fighter (Demonspawn Monk)                  Turns: 10379, Time: 00:21:32

HP:   -8/79 (82)    AC:  7    Str: 12    XL:     10   Next: 30%
MP:   0/18          EV: 12    Int: 21    God:    Dithmenos [**....]
Gold: 597           SH:  0    Dex:  7    Spells: 13/20 levels left

rFire   . . .      SeeInvis +   a - +5 short sword of Karma {flame, Will++ Dex-4}
rCold   . . .      Faith    .   (no shield)
rNeg    . . .      Spirit   +   d - +1 robe
rPois   +          Reflect  .   (no helmet)
rElec   .          Harm     .   (no cloak)
rCorr   .          Rampage  .   w - +1 pair of gloves
Will    ++...                   y - +0 pair of boots
Stlth   ++++......              F - amulet of magic regeneration
HPRegen 0.23/turn               e - ring of poison resistance
MPRegen 0.72/turn               t - ring "Foedd" {Int+6 Dex-5 Slay+3 SInv}

@: wreathed by umbra, lightly drained
A: rugged brown scales 1, spiny 2, magic shield, magic regeneration, weakness
stinger 1
a: Renounce Religion, Shadow Step


You were on level 7 of the Dungeon.
You worshipped Dithmenos.
Dithmenos was pleased with you.
You visited 2 branches of the dungeon, and saw 9 of its levels.
You also visited: Ossuary.

You collected 789 gold pieces.
You spent 192 gold pieces at shops.

Inventory:

Hand Weapons
 a - the +5 short sword of Karma (weapon) {flame, Will++ Dex-4}
   (You bought it in a shop on level 4 of the Dungeon)

   It burns those it strikes, dealing additional fire damage.
   Dex:       It affects your dexterity (-4).
   Will:      It greatly increases your willpower.
Missiles
 k - 37 poisoned darts (quivered)
 o - 5 silver javelins
 E - 2 silver boomerangs
 I - a curare-tipped dart
Armour
 d - a +1 robe (worn)
 w - a +1 pair of gloves (worn)
 y - a +0 pair of boots (worn)
Jewellery
 e - a ring of poison resistance (left hand)
 m - a +6 ring of dexterity
 t - the ring "Foedd" (right hand) {Int+6 Dex-5 Slay+3 SInv}
   (You found it on level 4 of the Dungeon)

   [ring of intelligence]

   Int:       It affects your intelligence (+6).
   Dex:       It affects your dexterity (-5).
   Slay:      It affects your accuracy & damage with ranged weapons and melee
   (+3).
   SInv:      It lets you see invisible.
 v - a ring of protection from cold
 D - a ring of magical power
 F - an amulet of magic regeneration (around neck)
Wands
 l - a wand of charming (7)
 n - a wand of iceblast (20)
 u - a wand of polymorph (6)
Scrolls
 c - 4 scrolls of identify
 f - 3 scrolls of blinking
 g - a scroll of vulnerability
 s - a scroll of fog
 x - a scroll of enchant armour
 C - a scroll of teleportation
 G - a scroll of enchant weapon {unknown}
 H - a scroll of fear
Potions
 b - a potion of ambrosia
 h - 6 potions of haste
 i - 6 potions of curing
 j - 7 potions of heal wounds
 p - 3 potions of attraction
 q - 3 potions of lignification
 r - 2 potions of flight
 z - 3 potions of magic
 A - 3 potions of mutation
 B - a potion of brilliance


   Skills:
 - Level 8.0 Fighting
 * Level 7.7 Short Blades
 + Level 3.3 Dodging
 + Level 6.3 Stealth
 - Level 2.6 Unarmed Combat
 + Level 5.5 Spellcasting
 - Level 5.0 Summonings


You had 13 spell levels left.
You knew the following spells:

 Your Spells              Type           Power      Damage    Failure   Level
a - Summon Small Mammal   Summ           100%       N/A       1%          1
b - Call Canine Familiar  Summ           26%        N/A       4%          3
c - Summon Guardian Gole  Hex/Summ       16%        N/A       11%         3

Your spell library contained the following spells:

 Spells                   Type           Power      Damage    Failure   Level
 Animate Skeleton         Necr           10%        N/A       11%         1
 Apportation              Tloc           10%        N/A       11%         1
 Pain                     Necr           20%        1d5       11%         1
 Vampiric Draining        Necr           5%         2d6       30%         3
 Cause Fear               Hex            2%         N/A       71%         4
 Alistair's Intoxication  Tmut/Pois      3%         N/A       96%         5
 Dragon Form              Tmut           2%         N/A       100%        7
 Dragon's Call            Summ           13%        N/A       100%        9


Dungeon Overview and Level Annotations

Branches:
Dungeon (8/15)             Temple (1/1) D:6            Lair (0/6) D:8
Ossuary (visited)

Altars:
Ashenzari
Cheibriados
Dithmenos
Elyvilon
Fedhas
Gozag
Kikubaaqudgha
Makhleb
Nemelex Xobeh
Okawaru
Qazlal
Trog
Uskayaw
Vehumet
Wu Jian
Xom
The Shining One

Shops:
D:4 =(?:

Annotations:
D:5 2 transporters, Gelos's ghost, novice TrCK
D:6 1 runed translucent door, bande's ghost, novice GrFi
D:8 Prince Ribbit


Innate Abilities, Weirdness & Mutations

You are partially covered in rugged brown scales. (AC +1, +3% HP)
You are mostly covered in sharp spines.
When hurt, damage is shared between your health and your magic reserves.
You regenerate magic rapidly.
You have a small tail.


Message History

The wight closely misses you.
The death yak gores you but does no damage.
You climb upwards.
There is a stone staircase leading down here.
You hit the death yak. You burn the death yak. You tail-slap the death yak.
The death yak is moderately wounded.
The death yak is struck by your spines. The death yak misses you.
The wight hits you with a +4 hand axe.
You feel drained.
You hit the death yak. You burn the death yak.
The death yak is moderately wounded.
The death yak barely misses you. The wight barely misses you.
You hit the death yak but do no damage.
The death yak is moderately wounded.
You hit the death yak. You burn the death yak.
Your tail-slap misses the death yak.
The death yak is heavily wounded.
The death yak gores you. The wight barely misses you.
You hit the death yak. You burn the death yak.
The death yak is heavily wounded.
The death yak gores you. The wight hits you with a +4 hand axe!
You hit the death yak. You burn the death yak.
The death yak is severely wounded.
The death yak gores you! The wight hits you with a +4 hand axe!
You feel drained.
You hit the death yak. You burn the death yak.
The death yak is severely wounded.
You hit the death yak but do no damage.
The death yak is severely wounded.
The death yak gores you! The wight closely misses you.
You hit the death yak but do no damage.
The death yak is severely wounded.
The death yak is struck by your spines. The death yak gores you!!
* * * LOW HITPOINT WARNING * * *
The wight hits you with a +4 hand axe.
* * * LOW HITPOINT WARNING * * *
Unknown command.
You puncture the wight! You burn the wight.
The wight is heavily damaged.
The death yak gores you!!
You die...

###.## #.........####.#..##..#
#...## #<......#####..##......
.....# ##..#....####..####..###
.###.## ##..###....##..## #..# #
..##..###..## ##.......## #..# #
#...#.....## #.........####..##
##...####..## #..........#.....##
#...## ##..###Y.z.........###...
....## ##..###@........### #..#
.....# ##.#§######....## ##.#)
.....##### #####§ #.....###..#.
.........####..######...#...#..#.
..##.##...#§#._.....#..####......
.###.####.###..####...## ##....#
.###.# ##.#####§##....## ##....
###..####..# #§####.....## #..##.
..#........# ###.........###.####


You could see a death yak and a wight.

Vanquished Creatures
  A troll (D:7)
  A wyvern (D:7)
  6 yaks
  3 steam dragons (D:7)
  3 water moccasins (D:7)
  A black bear (D:6)
  An orc warrior (D:8)
  A sky beast (D:7)
  An ogre (D:7)
  3 ice beasts
  3 phantoms
  2 kobold brigands
  6 bullfrogs
  3 scorpions
  2 necrophages
  5 water moccasin zombies (Ossuary)
  4 wights (D:6)
  2 howler monkeys (D:6)
  An orc priest (D:7)
  A jelly (D:5)
  A hound (D:5)
  8 iguanas
  3 orc wizards
  2 mummies (Ossuary)
  5 gnolls
  12 adders
  3 white imps (D:7)
  4 ufetubi
  7 adder zombies (Ossuary)
  3 worms
  2 dart slugs (D:4)
  18 orcs
  4 ball pythons
  14 endoplasms
  3 giant cockroaches
  16 hobgoblins
  7 jackals
  16 kobolds
  2 quokkas
  3 bats (D:3)
  A frilled lizard (D:2)
  5 gnoll zombies (Ossuary)
  10 goblins
  4 hobgoblin zombies (Ossuary)
  3 kobold zombies (Ossuary)
  9 orc zombies (Ossuary)
  3 rats
218 creatures vanquished.

Vanquished Creatures (collateral kills)
  2 water moccasin zombies (Ossuary)
2 creatures vanquished.

Vanquished Creatures (others)
  An orc wizard (D:4)
1 creature vanquished.

Grand Total: 221 creatures vanquished

Notes
Turn   | Place    | Note
-------+----------+-------------------------------------------
     0 | D:1      | ryw the Demonspawn Monk began the quest for the Orb.
     0 | D:1      | Reached XP level 1. HP: 18/18 MP: 1/1
   153 | D:1      | Gained mutation: You regenerate magic rapidly. [demonic
                  | ancestry]
   153 | D:1      | Reached XP level 2. HP: 2/24 MP: 2/2
   949 | D:1      | Reached skill level 1 in Spellcasting
  1079 | D:1      | Found a faded altar of an unknown god.
  1788 | D:2      | Gained mutation: You are partially covered in sharp spines.
                  | [demonic ancestry]
  1788 | D:2      | Reached XP level 3. HP: 16/29 MP: 5/5
  2747 | D:2      | Gained mutation: When hurt, damage is shared between your
                  | health and your magic reserves. [demonic ancestry]
  2747 | D:2      | Reached XP level 4. HP: 32/35 MP: 8/8
  3044 | D:3      | Found a shadowy altar of Dithmenos.
  3247 | D:3      | Found a shimmering altar of Xom.
  3549 | D:3      | Reached skill level 4 in Fighting
  3619 | D:4      | Found Didud's Antique Weapon Boutique.
  3619 | D:4      | Found Onaloi's Book Boutique.
  3620 | D:4      | Found Vysh's Magic Scroll Boutique.
  3657 | D:4      | Found Kuynoen's Jewellery Boutique.
  3660 | D:4      | Noticed a phantom
  3680 | D:4      | Killed a phantom
  3681 | D:4      | Gained mutation: You are partially covered in rugged brown
                  | scales. (AC +1, +3% HP) [demonic ancestry]
  3681 | D:4      | Reached XP level 5. HP: 17/44 MP: 6/9
  3788 | D:4      | Reached skill level 5 in Fighting
  3929 | D:4      | Found a hide-covered altar of Uskayaw.
  4222 | D:4      | Bought a jewelled short sword for 192 gold pieces
  4222 | D:4      | Identified the +5 short sword of Karma {flame, Will++
                  | Dex-4} (You bought it in a shop on level 4 of the Dungeon)
  4547 | D:4      | Reached skill level 1 in Short Blades
  4739 | D:4      | Reached XP level 6. HP: 44/52 MP: 8/10
  5276 | D:4      | Identified the ring "Foedd" {Int+6 Dex-5 Slay+3 SInv}
  5440 | D:5      | Entered Level 5 of the Dungeon
  5666 | D:5      | Reached XP level 7. HP: 58/58 MP: 11/11
  5822 | D:5      | Learned a level 1 spell: Summon Small Mammal
  5901 | D:5      | Found a transporter.
  5904 | D:5      | Noticed Gelos's ghost (novice TrCK)
  5905 | D:5      | Found a transporter.
  5919 | D:5      | Reached skill level 6 in Fighting
  6051 | D:5      | Reached skill level 1 in Summonings
  6078 | D:6      | Noticed bande's ghost (novice GrFi)
  6079 | D:6      | Found a runed translucent door.
  6080 | D:6      | Noticed a yak
  6082 | D:6      | Noticed a yak
  6082 | D:6      | Noticed a yak
  6083 | D:6      | Noticed a yak
  6094 | D:6      | Noticed a yak
  6096 | D:6      | Noticed a yak
  6103 | D:6      | Killed a yak
  6104 | D:6      | Reached XP level 8. HP: 47/65 MP: 10/12
  6284 | D:5      | Learned a level 3 spell: Call Canine Familiar
  6305 | D:5      | Reached skill level 5 in Short Blades
  6587 | D:6      | Found a sand-covered staircase.
  6591 | Ossuary  | Entered an ossuary
  6774 | Ossuary  | Learned a level 3 spell: Summon Guardian Golem
  6850 | Ossuary  | Gained mutation: You have a small tail. [demonic ancestry]
  6850 | Ossuary  | Reached XP level 9. HP: 69/73 MP: 12/15
  6867 | Ossuary  | Reached skill level 7 in Fighting
  7275 | D:6      | Reached skill level 5 in Stealth
  7343 | D:6      | Found a radiant altar of Vehumet.
  7391 | D:6      | Found a staircase to the Ecumenical Temple.
  7399 | Temple   | Entered the Ecumenical Temple
  7526 | D:6      | Found a sparkling altar of Nemelex Xobeh.
  7605 | D:3      | Became a worshipper of Dithmenos the Shadowed
  7605 | D:3      | Reached * piety under Dithmenos
  7605 | D:3      | Reached ** piety under Dithmenos
  8667 | D:7      | Reached skill level 5 in Spellcasting
  8932 | D:7      | Gained mutation: You are mostly covered in sharp spines.
                  | [demonic ancestry]
  8932 | D:7      | Reached XP level 10. HP: 23/82 MP: 8/17
  9337 | D:7      | Reached *** piety under Dithmenos
  9338 | D:7      | Reached skill level 8 in Fighting
  9338 | D:7      | Reached skill level 5 in Summonings
  9520 | D:7      | Found an opulent altar of Gozag.
  9619 | D:7      | Found an ornate altar of the Wu Jian Council.
 10351 | D:8      | Noticed Prince Ribbit
 10352 | D:8      | Noticed a death yak
 10352 | D:8      | Noticed a death yak
 10354 | D:8      | Found a staircase to the Lair.
 10354 | D:8      | Noticed a death yak
 10379 | D:7      | Mangled by a death yak

Illustrated notes

Levels and vault maps discovered:
D:1:      evilmike_arrival_crescent, layout_basic,
          hellmonk_ecumenical_altar_run_dry, minmay_pentomino_z2
D:2:      layout_basic
D:3:      layout_loops_ring, nicolae_dithmenos_through_a_glass_darkly,
          mainiacjoe_overflow_alcove_4
D:4:      minmay_clustersquares, layout_loops_cross,
          mainiacjoe_overflow_brackets, minmay_shop_grid_forest,
          minmay_fractal_squares_diagonal_5
D:5:      layout_rooms, gammafunk_ghost_mausoleum
D:6:      layout_basic, kennysheep_mini_moat, fiery_altar_vehumet,
          minmay_temple_entry_butterflies, enter_ossuary_5,
          hellmonk_ghost_happy_afterlife, kennysheep_generic_room_11
D:7:      minmay_polygon_palace, layout_layer_cave, grunt_gozag_breadcrumbs,
          pdpol_wu_jian_five_deadly_venoms
D:8:      wander_river, layout_rooms, nicolae_ru_sacrificial_ziggurat,
          dpeg_lair_monsters, amcnicky_mini_pool_small, uniq_prince_ribbit1
Temple:   eino_temple_lava

Skill      XL: |  1  2  3  4  5  6  7  8  9 10 |
---------------+-------------------------------+-----
Spellcasting   | 1 2 3 4 5 |  5.5
Fighting       | 4 5 6 7 8 |  8.0
Short Blades   | 1 2 4 5 7 |  7.7
Stealth        | 2 3 4 5 6 |  6.3
Dodging        | 3 |  3.3
Summonings     | 1 3 4 5 |  5.0
Unarmed Combat | |  2.6

Action                   |  1- 3 |  4- 6 |  7- 9 | 10-12 || total
-------------------------+-------+-------+-------+-------++-------
Melee: Unarmed           |   146 |    86 |       |       ||   232
       Punch             |     2 |     3 |     8 |       ||    13
       Short sword       |       |    74 |   291 |    55 ||   420
       Tailslap          |       |       |    23 |     7 ||    30
Throw: Dart              |     8 |    10 |       |       ||    18
 Cast: Call Canine Famil |       |       |     3 |       ||     3
       Summon Small Mamm |       |       |     1 |       ||     1
  Use: Scroll            |     4 |     9 |     5 |       ||    18
 Stab: Sleeping          |     3 |     4 |     5 |     5 ||    17
       Distracted        |       |       |     1 |       ||     1
Armor: Chain mail        |    41 |       |       |       ||    41
       Robe              |    17 |    19 |    70 |    12 ||   118
Dodge: Dodged            |    67 |    76 |   119 |    34 ||   296

Table legend: (Time is in decaauts)
 A = Elapsed time spent in this place.
 B = Non-inter-level travel time spent in this place.
 C = Inter-level travel time spent in this place.
 D = Time resting spent in this place.
 E = Time spent auto-exploring this place.
 F = Levels seen in this place.
 G = Mean time per level.
                   A        B        C        D        E       F      G
               +--------+--------+--------+--------+--------+-----+--------+
         Total |  10312 |   9789 |    523 |   1619 |   6524 |  10 | 1031.2 |
       Dungeon |   9715 |   9193 |    522 |   1539 |   6166 |   8 | 1214.4 |
        Temple |     76 |     75 |      1 |      0 |     61 |   1 |   76.0 |
       Ossuary |    519 |    519 |      0 |     80 |    297 |   1 |  519.0 |
               +--------+--------+--------+--------+--------+-----+--------+

Top non-repeatable levels by time:
     D:7: 2165 daAuts
     D:4: 1902 daAuts
     D:1: 1849 daAuts
     D:5: 1090 daAuts
     D:2: 1077 daAuts
     D:6: 887 daAuts
     D:3: 707 daAuts
 Ossuary: 519 daAuts
  Temple: 76 daAuts
     D:8: 34 daAuts
